 Dungeon Crawl Stone Soup version 0.28-a0-1567-g1695149f81 (webtiles) character file.

Game seed: 7518328500679085927

154 southernslant the Magician (level 5, -2/34 HPs)
             Began as an Octopode Hedge Wizard on Jan 20, 2022.
             Slain by an orc wizard (4 damage)
             ... on level 3 of the Dungeon.
             The game lasted 00:04:40 (2791 turns).

southernslant the Magician (Octopode Hedge Wizard)  Turns: 2791, Time: 00:04:41

Health: -2/34      AC:  1    Str: 12    XL:     5   Next: 36%
Magic:  6/9        EV: 13    Int: 16    God:
Gold:   101        SH:  0    Dex: 11    Spells: 6/10 levels left

rFire   . . .      SeeInvis .   a - +0 dagger
rCold   . . .      Faith    .   (no shield)
rNeg    . . .      Spirit   .   b - +0 hat
rPois   .          Reflect  .   (no amulet)
rElec   .          Harm     .   (no ring)
rCorr   .          Rampage  .   (no ring)
Will    .....                   (no ring)
Stlth   +++.......              (no ring)
HPRegen 0.11/turn               (no ring)
MPRegen 0.11/turn               (no ring)
                                (no ring)
                                (no ring)

@: no status effects
A: almost no armour, amphibious, 8 rings, camouflage 1, gelatinous body 1,
(nimble swimmer 1), tentacles
a: no special abilities


You were on level 3 of the Dungeon.
You visited 1 branch of the dungeon, and saw 3 of its levels.

You collected 121 gold pieces.
You spent 20 gold pieces at shops.

Inventory:

Hand Weapons
 a - a +0 dagger (weapon)
Missiles
 f - 64 stones
Armour
 b - a +0 hat (worn)
Scrolls
 c - 2 scrolls of teleportation {unknown}
 d - a scroll of enchant weapon {unknown}
 h - 3 scrolls of identify
 i - 2 scrolls of amnesia {unknown}
Potions
 e - a potion of berserk rage {unknown}
 g - a potion of heal wounds {unknown}


   Skills:
 * Level 1.9 Fighting
 * Level 1.7 Short Blades
 * Level 2.9 Dodging
 + Level 3.2 Stealth
 + Level 3.2 Spellcasting
 + Level 1.6 Conjurations
 * Level 1.8 Summonings
 + Level 1.5 Translocations


You had 6 spell levels left.
You knew the following spells:

 Your Spells              Type           Power      Damage    Failure   Level
a - Magic Dart            Conj           32%        1d4       9%          1
b - Slow                  Hex            8%         N/A       19%         1
c - Call Imp              Summ           8%         N/A       13%         2

Your spell library contained the following spells:

 Spells                   Type           Power      Damage    Failure   Level
 Blink                    Tloc           14%        N/A       14%         2
 Conjure Flame            Conj/Fire      5%         6-21      36%         3
 Mephitic Cloud           Conj/Pois/Air  4%         N/A       41%         3


Dungeon Overview and Level Annotations

Branches:
Dungeon (3/15)

Altars:
Dithmenos

Shops:
D:2 ?*(


Innate Abilities, Weirdness & Mutations

You cannot wear most types of armour.
You are amphibious.
You can wear up to eight rings at the same time.
Your skin changes colour to match your surroundings (Stealth+).
Your rubbery body absorbs attacks. (AC +1, EV +1)
((You are camouflaged when in or above water. (Stealth+)))
You have tentacles for arms and can constrict up to eight enemies at once.


Message History

The orc is severely wounded.
You constrict the orc.
You kill the orc!
You hit the orc. You grab the orc.
The orc is heavily wounded.
You constrict the orc. The orc barely misses you.
You hit the orc. You squeeze the orc.
You kill the orc!
You hit the rat.
You kill the rat!
Your crimson imp blinks!
Something hits you.
Your crimson imp blinks!
Things that are here:
a +0 club; a +0 club; a +0 leather armour You barely miss something.
Your squeeze misses something. Something barely misses you.
You hit something.
Your crimson imp disappears in a puff of smoke!
Something hits you but does no damage.
You hit something. Something hits you.
* * * LOW HITPOINT WARNING * * *
You barely miss something.
You hear some strange, mumbled words.
A puff of flame appears from out of thin air!
The puff of flame hits you!
* * * LOW HITPOINT WARNING * * *
You hit something but do no damage.
Casting: Call Imp (safe; 13% risk of failure)
Confirm with . or Enter, or press ? or * to list all spells.
Aiming: Magic Dart (safe; 9% risk of failure)
Press: ? - help, Shift-Dir - straight line, f - kobold
Aim: a kobold, wielding a +0 whip and quivering stones (100% to hit)
Okay, then.
Casting: Magic Dart (safe; 9% risk of failure)
Confirm with . or Enter, or press ? or * to list all spells.
Aiming: Magic Dart (safe; 9% risk of failure)
Press: ? - help, Shift-Dir - straight line The magic dart hits something.
Something hits you.
You die...

#... #..# #o.# ###
#..# #.. #.K# #.# #..#
##########.# #..#
.............
#..######.#
#######.###
#.).K{@...# ##.##
#.################...#
#..................#.#
##################...#
#####


You could see a kobold.

Vanquished Creatures
  An orc priest (D:3)
  Natasha (twice) (D:2)
  3 dart slugs
  2 orcs (D:3)
  6 ball pythons
  4 endoplasms
  A giant cockroach (D:1)
  5 hobgoblins
  2 kobolds
  5 quokkas
  3 bats (D:1)
  A frilled lizard (D:1)
  2 goblins
  7 rats
44 creatures vanquished.

Vanquished Creatures (collateral kills)
  Natasha (D:2)
1 creature vanquished.

Vanquished Creatures (others)
  5 plants (D:2)
5 creatures vanquished.

Grand Total: 50 creatures vanquished

Notes
Turn   | Place    | Note
-------+----------+-------------------------------------------
     0 | D:1      | southernslant the Octopode Hedge Wizard began the quest for
                  | the Orb.
     0 | D:1      | Reached XP level 1. HP: 11/11 MP: 4/4
   288 | D:1      | Reached XP level 2. HP: 18/18 MP: 6/6
   627 | D:1      | Reached skill level 1 in Fighting
   934 | D:1      | Reached XP level 3. HP: 23/23 MP: 7/7
   942 | D:1      | Learned a level 1 spell: Slow
   945 | D:1      | Learned a level 2 spell: Call Imp
  1431 | D:2      | Reached skill level 1 in Short Blades
  1466 | D:2      | Noticed Natasha
  1472 | D:2      | Killed Natasha
  1491 | D:2      | Noticed Natasha
  1498 | D:2      | HP: 1/23 [Natasha/magic dart (8)]
  1500 | D:2      | Killed Natasha
  1501 | D:2      | Reached XP level 4. HP: 1/28 MP: 3/8
  1847 | D:2      | Found Beiceal's Magic Scroll Emporium.
  1856 | D:2      | Bought a scroll of identify for 20 gold pieces
  1863 | D:2      | Noticed Natasha
  1879 | D:2      | Killed Natasha
  1990 | D:2      | Found a faded altar of an unknown god.
  2100 | D:2      | Found Aruumuecs's Weapon Emporium.
  2127 | D:2      | Found Peaxkimu's Assorted Antiques.
  2250 | D:2      | Reached XP level 5. HP: 23/34 MP: 9/9
  2541 | D:2      | Found a shadowy altar of Dithmenos.
  2791 | D:3      | Slain by an orc wizard

Illustrated notes

Levels and vault maps discovered:
D:1:      scummos_arrival_forest, layout_loops_corners
D:2:      layout_loops_ring, basic_altar, serial_shops, nicolae_shop_stone,
          nicolae_shop_bloodbath_and_beyond, nicolae_shop_hallway_plus,
          chequers_ecumenical_altar_lobes, st_stairs_5, uniq_natasha
D:3:      layout_loops_ring, led_sif_pool, uniq_crazy_yiuf_cottage,
          uniq_terence, uniq_jessica

Skill      XL: |  1  2  3 |
---------------+----------+-----
Fighting       | 1 |  1.9
Short Blades   | 1 |  1.7
Stealth        | 3 |  3.2
Dodging        | |  2.9
Spellcasting   | |  3.2
Conjurations   | |  1.6
Summonings     | |  1.8
Translocations | |  1.5

Action                   |  1- 3 |  4- 6 || total
-------------------------+-------+-------++-------
Melee: Dagger            |    65 |    42 ||   107
       Tentacles         |    13 |     8 ||    21
       Constrict         |    14 |    12 ||    26
       Punch             |     1 |       ||     1
 Cast: Magic Dart        |     2 |     4 ||     6
       Call Imp          |     1 |     2 ||     3
 Stab: Sleeping          |     9 |     3 ||    12
Armor: Skin              |     4 |     2 ||     6
Dodge: Dodged            |    28 |    25 ||    53

Table legend: (Time is in decaauts)
 A = Elapsed time spent in this place.
 B = Non-inter-level travel time spent in this place.
 C = Inter-level travel time spent in this place.
 D = Time resting spent in this place.
 E = Time spent auto-exploring this place.
 F = Levels seen in this place.
 G = Mean time per level.
                   A        B        C        D        E       F      G
               +--------+--------+--------+--------+--------+-----+--------+
         Total |   2785 |   2785 |      0 |      0 |   2446 |   3 |  928.3 |
       Dungeon |   2785 |   2785 |      0 |      0 |   2446 |   3 |  928.3 |
               +--------+--------+--------+--------+--------+-----+--------+

Top non-repeatable levels by time:
     D:1: 1417 daAuts
     D:2: 1303 daAuts
     D:3: 64 daAuts
